Little Stars vs Knights

Created - January 27, 2021 at 19:10

Goals
1 2 3 T
Little Stars 0 1 1 2
Knights 1 2 2 5
Shots
1 2 3 T
Little Stars 11 12 7 30
Knights 8 14 13 35

1st period

1. Knights , Iiro Pakarinen 13 (Mirco Mueller 5, Brendan Gaunce 23) at 6:13

Penalties :
Sebastian Wannstrom (Tex) for Roughing (Minor) at 6:51, Vince Hinostroza (Lon) for Hooking (Minor) at 16:14

2nd period

2. Knights , Brendan Gaunce 10 (Alex Iafallo 16) at 1:15
3. Knights , Brendan Gaunce 11 (Alex Iafallo 17, Troy Stetcher 18) at 14:52 (PP)
4. Little Stars , Roman Horak 3 (Joakim Nygard 15) at 17:00

Penalties :
Ilya Mikheyev (Tex) for Elbowing (Minor) at 14:13

3rd period

5. Little Stars , Joakim Nygard 10 (Roman Horak 3, Anton Cederholm 14) at 11:53
6. Knights , Nikolaj Ehlers 16 (Noel Acciari 7) at 15:28
7. Knights , Noel Acciari 3 (Alexandre Carrier 6) at 18:03

Penalties :
Jeremy Bracco (Lon) for Interference (Minor) at 4:29

Goalie Stats

Connor Knapp (Tex), 30 saves from 35 shots - (0.857), L, 7-6-3, 60:00 minutes
Elvis Merzlikins (Lon), 28 saves from 30 shots - (0.933), W, 13-10-2, 60:00 minutes

Players Stats for Little Stars

Player Name              G  A  P  +/- PIM S  H  SB GA TA FO     MP     PP MP  PK MP  
------------------------------------------------------------------------------------
Adam Tambellini          0  0  0  -1  0   0  0  0  1  0  4/4    16:08   1:48   0:00 
Anton Cederholm          0  1  1  -2  0   1  0  3  0  1  0/0    21:05   1:49   0:59 
Daniel O'regan           0  0  0  -1  0   1  2  0  1  0  7/14   16:08   1:48   0:00 
Eric Knodel              0  0  0  -2  0   1  5  1  0  0  0/0    21:05   1:49   0:59 
Evgeny Kuznetsov         0  0  0  -2  0   2  0  0  0  3  9/28   22:15   2:03   1:28 
Ilya Mikheyev            0  0  0  -1  2   1  0  0  0  0  0/0    16:26   1:48   0:33 
Jason Dickinson          0  0  0   0  0   2  1  0  0  0  1/3     8:07   0:00   0:00 
Jesse Joensuu            0  0  0  -2  0   6  1  0  1  1  0/0    22:15   2:03   1:28 
Joakim Nygard            1  1  2   1  0   4  1  0  0  0  0/0    12:50   0:07   0:29 
Michael Mersch           0  0  0   0  0   1  0  0  0  0  0/0     8:34   0:07   0:00 
Patrick Wiercioch        0  0  0   0  0   4  1  1  0  1  0/0    25:46   2:09   1:39 
Reece Willcox            0  0  0   0  0   0  1  2  0  0  0/0    13:09   0:00   0:00 
Roman Horak              1  1  2   1  0   2  0  0  0  0  2/6    12:31   0:00   0:29 
Scott Kosmachuck         0  0  0  -2  0   1  1  0  1  2  1/1    20:12   2:03   0:41 
Sebastian Wannstrom      0  0  0   1  2   0  0  1  0  0  0/1    13:13   0:00   0:08 
Tucker Poolman           0  0  0   0  0   0  1  1  0  0  0/0    13:09   0:00   0:00 
Tyler Wotherspoon        0  0  0   0  0   3  1  0  1  1  0/0    25:46   2:09   1:39 
Zach Budish              0  0  0   0  0   1  0  0  1  1  0/0     8:41   0:07   0:00 

Players Stats for Knights

Player Name              G  A  P  +/- PIM S  H  SB GA TA FO     MP     PP MP  PK MP  
------------------------------------------------------------------------------------
Alex Iafallo             0  2  2   2  0   4  3  0  0  1  0/0    17:12   1:10   1:37 
Alexandre Carrier        0  1  1   1  0   0  0  1  0  1  0/0    20:52   1:44   0:00 
Brendan Gaunce           2  1  3   2  0   5  1  1  0  0  12/18  15:15   1:10   0:00 
Cedric Paquette          0  0  0   0  0   0  2  0  1  0  0/2     9:39   0:00   0:48 
Dominik Kahun            0  0  0  -2  0   1  2  0  0  0  4/4    11:06   0:00   0:00 
Frank Vatrano            0  0  0  -2  0   1  0  0  0  0  0/1    11:36   0:00   0:30 
Iiro Pakarinen           1  0  1   2  0   3  2  0  0  0  0/0    15:37   1:10   0:00 
Jeremy Bracco            0  0  0   0  2   0  0  0  1  0  0/0     9:15   0:00   0:00 
John Marino              0  0  0   0  0   0  1  0  0  0  0/0    12:02   0:00   0:00 
Jordan Martinook         0  0  0  -2  0   2  0  0  0  0  0/0    13:02   0:00   1:47 
Ludwig Bystrom           0  0  0  -1  0   0  0  3  0  2  0/0    14:55   0:54   2:17 
Mirco Mueller            0  1  1   2  0   1  1  1  1  0  0/0    24:31   0:00   1:41 
Nathan Walker            0  0  0   0  0   2  1  0  1  0  0/0     8:50   0:00   0:00 
Nikolaj Ehlers           1  0  1   2  0   4  4  0  1  1  2/3    20:40   1:28   0:00 
Noel Acciari             1  1  2   2  0   7  3  0  2  0  15/28  22:24   1:28   2:14 
Troy Stetcher            0  1  1   1  0   3  2  3  2  1  0/0    25:59   1:44   2:17 
Vince Hinostroza         0  0  0   2  2   2  2  1  1  0  0/1    21:24   1:28   1:00 
Vladislav Gavrikov       0  0  0   1  0   0  1  2  0  0  0/0    21:41   0:54   1:41 

3 Stars

1 - Brendan Gaunce (Lon)
2 - Noel Acciari (Lon)
3 - Nikolaj Ehlers (Lon)

Power Play

Little Stars - 0 on 2 Attempt(s) - 0.00%
Knights - 1 on 2 Attempt(s) - 50.00%

Penalty Kill

Little Stars - 1 on 2 Attempt(s) - 50.00% - Score 0 goal in Penalty Kill
Knights - 2 on 2 Attempt(s) - 100.00% - Score 0 goal in Penalty Kill

Team Stat

Little Stars - Hits : 15 - Faceoff Wins : 24 - Blocked Shots : 9 - Penalty Minutes : 4
Knights - Hits : 25 - Faceoff Wins : 33 - Blocked Shots : 12 - Penalty Minutes : 4

Official

Referees : Unknown
Linesman : Unknown

Game Notes

No Game Note

Finance

Level 1 -- Attendance: 1805 (90.25%) -- Ticket Income $45,125
Level 2 -- Attendance: 943 (94.30%) -- Ticket Income $12,259
Total Attendance: 2748 (91.60%)
Total Ticket Income: $57,384
Other Income: $2,869
Total Income: $60,253

Little Stars

5 vs 5 Forward 
   Center                   Left Wing                Right Wing               Time % Phy DF OF 
 1 Evgeny Kuznetsov         Jesse Joensuu            Scott Kosmachuck         40     0   2  3  
 2 Daniel O'regan           Adam Tambellini          Ilya Mikheyev            30     0   2  3  
 3 Roman Horak              Joakim Nygard            Sebastian Wannstrom      20     1   2  2  
 4 Jason Dickinson          Michael Mersch           Zach Budish              10     1   2  2  

5 vs 5 Defense 
   Defense                  Defense                                           Time % Phy DF OF 
 1 Tyler Wotherspoon        Patrick Wiercioch                                 40     1   2  2  
 2 Eric Knodel              Anton Cederholm                                   30     1   2  2  
 3 Reece Willcox            Tucker Poolman                                    20     1   2  2  
 4 Tyler Wotherspoon        Patrick Wiercioch                                 10     1   2  2  

PowerPlay Forward 
   Center                   Left Wing                Right Wing               Time % Phy DF OF 
 1 Evgeny Kuznetsov         Jesse Joensuu            Scott Kosmachuck         60     0   1  4  
 2 Daniel O'regan           Adam Tambellini          Ilya Mikheyev            40     0   1  4  

PowerPlay Defense
   Defense                  Defense                                           Time % Phy DF OF 
 1 Tyler Wotherspoon        Patrick Wiercioch                                 60     1   2  2  
 2 Eric Knodel              Anton Cederholm                                   40     1   2  2  

Penalty Kill 4 Players Forward 
   Center                   Wing                     Time % Phy DF OF 
 1 Evgeny Kuznetsov         Jesse Joensuu            60     0   3  2  
 2 Scott Kosmachuck         Ilya Mikheyev            40     0   3  2  

Penalty Kill 4 Players Defense
   Defense                  Defense                  Time % Phy DF OF 
 1 Tyler Wotherspoon        Patrick Wiercioch        60     0   3  2  
 2 Eric Knodel              Anton Cederholm          40     0   3  2  

Penalty Kill - 3 Players Forward 
   Forward                                           Time % Phy DF OF 
 1 Evgeny Kuznetsov                                  60     0   3  2  
 2 Jesse Joensuu                                     40     0   3  2  

Penalty Kill - 3 Players Defense
   Defense                  Defense                  Time % Phy DF OF 
 1 Tyler Wotherspoon        Patrick Wiercioch        60     0   3  2  
 2 Eric Knodel              Anton Cederholm          40     0   3  2  

4 vs 4 Forward 
   Center                   Wing                     Time % Phy DF OF 
 1 Evgeny Kuznetsov         Jesse Joensuu            60     0   2  3  
 2 Scott Kosmachuck         Ilya Mikheyev            40     0   2  3  

4 vs 4 Defense
   Defense                  Defense                  Time % Phy DF OF 
 1 Tyler Wotherspoon        Patrick Wiercioch        60     1   2  2  
 2 Eric Knodel              Anton Cederholm          40     1   2  2  

Last Minutes Offensive
   Center                   Left Wing                Right Wing               Defense                  Defense                  
   Evgeny Kuznetsov         Jesse Joensuu            Scott Kosmachuck         Tyler Wotherspoon        Patrick Wiercioch        

Last Minutes Defensive
   Center                   Left Wing                Right Wing               Defense                  Defense                  
   Evgeny Kuznetsov         Jesse Joensuu            Scott Kosmachuck         Tyler Wotherspoon        Patrick Wiercioch        

Goaltenders
Starting : Connor Knapp             
Backup : Dustin Tokarski          

Extra Forwards
Normal : Joakim Nygard, Michael Mersch, Sebastian Wannstrom - PP : Joakim Nygard, Michael Mersch - PK : Sebastian Wannstrom
Extra Defensemen
Normal : Reece Willcox, Tucker Poolman, Eric Knodel - PP : Reece Willcox - PK : Tucker Poolman, Eric Knodel
Penalty Shots
Evgeny Kuznetsov, Jesse Joensuu, Scott Kosmachuck, Ilya Mikheyev, Adam Tambellini

Scratches
Lawrence Pilut (Healthy), Justin Auger (Healthy), Dana Tyrell (Broken Bone (Right Ankle) Injury), Rudolfs Balcers (Healthy), Yakov Trenin (Healthy)
Jean-Christophe Beaudin (Healthy), Ville Pokka (Healthy), Daniil Tarasov (Healthy), Emile Poirier (Healthy), Shane Gersich (Healthy)
Radel Fazleev (Healthy), Julien Nantel (Healthy), Peter Delmas (Healthy)

Knights

5 vs 5 Forward 
   Center                   Left Wing                Right Wing               Time % Phy DF OF 
 1 Noel Acciari             Nikolaj Ehlers           Vince Hinostroza         40     1   2  2  
 2 Brendan Gaunce           Alex Iafallo             Iiro Pakarinen           30     1   2  2  
 3 Dominik Kahun            Jordan Martinook         Frank Vatrano            20     2   1  2  
 4 Cedric Paquette          Nathan Walker            Jeremy Bracco            10     1   2  2  

5 vs 5 Defense 
   Defense                  Defense                                           Time % Phy DF OF 
 1 Mirco Mueller            Troy Stetcher                                     43     1   3  1  
 2 Vladislav Gavrikov       Alexandre Carrier                                 34     1   3  1  
 3 Ludwig Bystrom           John Marino                                       23     1   2  2  
 4 Vladislav Gavrikov       Mirco Mueller                                     0      1   2  2  

PowerPlay Forward 
   Center                   Left Wing                Right Wing               Time % Phy DF OF 
 1 Noel Acciari             Nikolaj Ehlers           Vince Hinostroza         60     0   1  4  
 2 Brendan Gaunce           Alex Iafallo             Iiro Pakarinen           40     0   1  4  

PowerPlay Defense
   Defense                  Defense                                           Time % Phy DF OF 
 1 Troy Stetcher            Alexandre Carrier                                 60     0   1  4  
 2 Ludwig Bystrom           Vladislav Gavrikov                                40     0   1  4  

Penalty Kill 4 Players Forward 
   Center                   Wing                     Time % Phy DF OF 
 1 Noel Acciari             Vince Hinostroza         60     1   3  1  
 2 Jordan Martinook         Frank Vatrano            40     1   3  1  

Penalty Kill 4 Players Defense
   Defense                  Defense                  Time % Phy DF OF 
 1 Mirco Mueller            Vladislav Gavrikov       60     1   4  0  
 2 Troy Stetcher            Ludwig Bystrom           40     1   4  0  

Penalty Kill - 3 Players Forward 
   Forward                                           Time % Phy DF OF 
 1 Jordan Martinook                                  60     0   4  1  
 2 Noel Acciari                                      40     0   4  1  

Penalty Kill - 3 Players Defense
   Defense                  Defense                  Time % Phy DF OF 
 1 Mirco Mueller            Vladislav Gavrikov       60     1   3  1  
 2 Troy Stetcher            Ludwig Bystrom           40     1   3  1  

4 vs 4 Forward 
   Center                   Wing                     Time % Phy DF OF 
 1 Noel Acciari             Iiro Pakarinen           60     1   2  2  
 2 Brendan Gaunce           Vince Hinostroza         40     1   2  2  

4 vs 4 Defense
   Defense                  Defense                  Time % Phy DF OF 
 1 Mirco Mueller            Troy Stetcher            60     1   2  2  
 2 Ludwig Bystrom           Vladislav Gavrikov       40     1   2  2  

Last Minutes Offensive
   Center                   Left Wing                Right Wing               Defense                  Defense                  
   Noel Acciari             Nikolaj Ehlers           Vince Hinostroza         Vladislav Gavrikov       Alexandre Carrier        

Last Minutes Defensive
   Center                   Left Wing                Right Wing               Defense                  Defense                  
   Brendan Gaunce           Jordan Martinook         Frank Vatrano            Mirco Mueller            Vladislav Gavrikov       

Goaltenders
Starting : Elvis Merzlikins         
Backup : Magnus Hellberg          

Extra Forwards
Normal : Vince Hinostroza, Iiro Pakarinen, Alex Iafallo - PP : Nathan Walker, Alex Iafallo - PK : Alex Iafallo
Extra Defensemen
Normal : Alexandre Carrier, Vladislav Gavrikov, Ludwig Bystrom - PP : Alexandre Carrier - PK : Ludwig Bystrom, Mirco Mueller
Penalty Shots
Noel Acciari, Nathan Walker, Iiro Pakarinen, Alex Iafallo, Cedric Paquette

Scratches
Nicklas Jensen (Healthy), Mitchell Stephens (Healthy), Sami Niku (Healthy), Alan Quine (Healthy), Matthew Benning (Healthy)
David Kase (Healthy), Nicolas Petan (Healthy), Mackenzie MacEachern (Healthy), Jeff Petry (Healthy), Jesse Graham (Healthy)
Jayce Hawryluk (Healthy), Nikolay Goldobin (Sprained Left Finger Injury), Oskar Lindblom (Healthy), Ryan Collins (Healthy), William Lagesson (Healthy)
Joey Daccord (Healthy), Philippe Desrosiers (Healthy)

% Time on Ice - Little Stars

Lines # - Real PCT - Wanted PCT - Time Play
Normal Forward
1 - 36% - 40% - 19:09
2 - 27% - 30% - 14:20
3 - 22% - 20% - 11:48
4 - 15% - 10% - 8:07
Normal Defense
1 - 37% - 40% - 19:54
2 - 34% - 30% - 18:17
3 - 25% - 20% - 13:09
4 - 4% - 10% - 2:04
PP Forward
1 - 55% - 60% - 2:10
2 - 45% - 40% - 1:48
PP Defense
1 - 54% - 60% - 2:09
2 - 46% - 40% - 1:49
PK Forward
1 - 74% - 60% - 1:57
2 - 26% - 40% - 0:41
PK Defense
1 - 63% - 60% - 1:39
2 - 37% - 40% - 0:59
PK3 Forward
1 - 0% - 60%
2 - 0% - 40%
PK3 Defense
1 - 0% - 60%
2 - 0% - 40%
44 Forward
1 - 0% - 60%
2 - 0% - 40%
44 Defense
1 - 0% - 60%
2 - 0% - 40%
Last Minute Offensive  - 0:00
Last Minute Defensive  - 0:00
Total
Forward - 60:00
Defense - 60:00

% Time on Ice - Knights

Lines # - Real PCT - Wanted PCT - Time Play
Normal Forward
1 - 36% - 40% - 19:23
2 - 26% - 30% - 14:05
3 - 21% - 20% - 11:06
4 - 17% - 10% - 8:50
Normal Defense
1 - 40% - 43% - 21:16
2 - 34% - 34% - 18:23
3 - 22% - 23% - 11:43
4 - 4% - 0% - 2:02
PP Forward
1 - 56% - 60% - 1:28
2 - 44% - 40% - 1:10
PP Defense
1 - 66% - 60% - 1:44
2 - 34% - 40% - 0:54
PK Forward
1 - 87% - 60% - 3:28
2 - 13% - 40% - 0:30
PK Defense
1 - 42% - 60% - 1:41
2 - 58% - 40% - 2:17
PK3 Forward
1 - 0% - 60%
2 - 0% - 40%
PK3 Defense
1 - 0% - 60%
2 - 0% - 40%
44 Forward
1 - 0% - 60%
2 - 0% - 40%
44 Defense
1 - 0% - 60%
2 - 0% - 40%
Last Minute Offensive  - 0:00
Last Minute Defensive  - 0:00
Total
Forward - 60:00
Defense - 60:00

Play-by-Play

1st period


0:01 of 1st period - Evgeny Kuznetsov wins face-off versus Noel Acciari in neutral zone.
0:19 of 1st period - Icing by Tyler Wotherspoon.
0:20 of 1st period - Evgeny Kuznetsov wins face-off versus Brendan Gaunce in Little Stars zone.
0:25 of 1st period - Snap shot by Evgeny Kuznetsov.
0:25 of 1st period - Shot Misses the Net.
0:35 of 1st period - Snap shot by Alex Iafallo.
0:35 of 1st period - Stopped by Connor Knapp with a rebound.
0:45 of 1st period - Evgeny Kuznetsov is hit by Cedric Paquette and loses puck.
0:54 of 1st period - Snap shot by Evgeny Kuznetsov.
0:54 of 1st period - Shot Misses the Net.
0:56 of 1st period - Wrist shot by Scott Kosmachuck.
0:56 of 1st period - Stopped by Elvis Merzlikins with a rebound.
0:58 of 1st period - Wrist shot by Evgeny Kuznetsov.
0:58 of 1st period - Stopped by Elvis Merzlikins with a rebound.
1:00 of 1st period - Slapshot by Eric Knodel.
1:00 of 1st period - Shot Misses the Net.
1:14 of 1st period - Snap shot by Evgeny Kuznetsov.
1:14 of 1st period - Shot Misses the Net.
1:16 of 1st period - Wrist shot by Scott Kosmachuck.
1:16 of 1st period - Shot Blocked by Vladislav Gavrikov.
1:30 of 1st period - Snap shot by Evgeny Kuznetsov.
1:30 of 1st period - Stopped by Elvis Merzlikins with a rebound.
1:56 of 1st period - Snap shot by Jesse Joensuu.
1:56 of 1st period - Shot Misses the Net.
2:14 of 1st period - Snap shot by Nathan Walker.
2:14 of 1st period - Stopped by Connor Knapp without a rebound.
2:15 of 1st period - Adam Tambellini wins face-off versus Noel Acciari in Little Stars zone.
3:00 of 1st period - Slapshot by Zach Budish.
3:00 of 1st period - Stopped by Elvis Merzlikins without a rebound.
3:01 of 1st period - Brendan Gaunce wins face-off versus Jason Dickinson in Knights zone.
3:08 of 1st period - Snap shot by Brendan Gaunce.
3:08 of 1st period - Shot Blocked by Anton Cederholm.
3:25 of 1st period - Brendan Gaunce is hit by Eric Knodel.
3:33 of 1st period - Wrist shot by Iiro Pakarinen.
3:33 of 1st period - Shot Blocked by Anton Cederholm.
3:37 of 1st period - Snap shot by Iiro Pakarinen.
3:37 of 1st period - Stopped by Connor Knapp with a rebound.
3:39 of 1st period - Snap shot by Iiro Pakarinen.
3:39 of 1st period - Stopped by Connor Knapp without a rebound.
3:40 of 1st period - Noel Acciari wins face-off versus Daniel O'regan in Little Stars zone.
3:41 of 1st period - Wrist shot by Nikolaj Ehlers.
3:41 of 1st period - Shot Blocked by Tucker Poolman.
4:12 of 1st period - Wrist shot by Frank Vatrano.
4:12 of 1st period - Stopped by Connor Knapp without a rebound.
4:13 of 1st period - Dominik Kahun wins face-off versus Roman Horak in Little Stars zone.
4:40 of 1st period - Tyler Wotherspoon is hit by Vince Hinostroza and loses puck.
4:58 of 1st period - Icing by Patrick Wiercioch.
4:59 of 1st period - Jason Dickinson wins face-off versus Brendan Gaunce in Little Stars zone.
5:08 of 1st period - Snap shot by Alex Iafallo.
5:08 of 1st period - Shot Misses the Net.
5:10 of 1st period - Slapshot by Troy Stetcher.
5:10 of 1st period - Shot Misses the Net.
5:30 of 1st period - Snap shot by Daniel O'regan.
5:30 of 1st period - Shot Misses the Net.
5:32 of 1st period - Backhand shot by Adam Tambellini.
5:32 of 1st period - Shot Misses the Net.
5:34 of 1st period - Slapshot by Tyler Wotherspoon.
5:34 of 1st period - Stopped by Elvis Merzlikins with a rebound.
6:03 of 1st period - Icing by Jordan Martinook.
6:04 of 1st period - Brendan Gaunce wins face-off versus Evgeny Kuznetsov in Knights zone.
6:11 of 1st period - Snap shot by Brendan Gaunce.
6:11 of 1st period - Shot Blocked by Reece Willcox.
6:13 of 1st period - Slapshot by Mirco Mueller.
6:13 of 1st period - Deflect By Iiro Pakarinen.
6:13 of 1st period - Goal by Iiro Pakarinen - Little Stars : 0 - Knights : 1.
6:14 of 1st period - Adam Tambellini wins face-off versus Noel Acciari in neutral zone.
6:44 of 1st period - Snap shot by Evgeny Kuznetsov.
6:44 of 1st period - Shot Blocked by Brendan Gaunce.
6:46 of 1st period - Slapshot by Tyler Wotherspoon.
6:46 of 1st period - Deflect By Evgeny Kuznetsov.
6:46 of 1st period - Deflect By Iiro Pakarinen.
6:46 of 1st period - Shot Misses the Net.
6:46 of 1st period - Puck is out of play.
6:47 of 1st period - Noel Acciari wins face-off versus Roman Horak in Knights zone.
6:51 of 1st period - Minor Penalty to Sebastian Wannstrom for Roughing.
6:52 of 1st period - Noel Acciari wins face-off versus Evgeny Kuznetsov in Little Stars zone.
7:18 of 1st period - Patrick Wiercioch is hit by Alex Iafallo and loses puck.
7:35 of 1st period - Troy Stetcher is hit by Eric Knodel and loses puck.
8:51 of 1st period - Penalty to Sebastian Wannstrom is over, Sebastian Wannstrom is back on ice.
9:04 of 1st period - Anton Cederholm is hit by Dominik Kahun and loses puck.
9:21 of 1st period - Troy Stetcher is hit by Jesse Joensuu and loses puck.
9:28 of 1st period - Snap shot by Jesse Joensuu.
9:28 of 1st period - Shot Misses the Net.
10:10 of 1st period - Snap shot by Jesse Joensuu.
10:10 of 1st period - Stopped by Elvis Merzlikins with a rebound.
10:12 of 1st period - Slapshot by Anton Cederholm.
10:12 of 1st period - Shot Misses the Net.
10:14 of 1st period - Backhand shot by Eric Knodel.
10:14 of 1st period - Stopped by Elvis Merzlikins with a rebound.
10:16 of 1st period - Snap shot by Anton Cederholm.
10:16 of 1st period - Shot Blocked by Troy Stetcher.
10:18 of 1st period - Snap shot by Evgeny Kuznetsov.
10:18 of 1st period - Shot Misses the Net.
10:20 of 1st period - Wrist shot by Jesse Joensuu.
10:20 of 1st period - Stopped by Elvis Merzlikins without a rebound.
10:21 of 1st period - Noel Acciari wins face-off versus Daniel O'regan in Knights zone.
10:56 of 1st period - Slapshot by Patrick Wiercioch.
10:56 of 1st period - Deflect By Iiro Pakarinen.
10:56 of 1st period - Stopped by Elvis Merzlikins with a rebound.
11:25 of 1st period - Frank Vatrano is hit by Joakim Nygard and loses puck.
11:38 of 1st period - Reece Willcox is hit by Vince Hinostroza and loses puck.
12:17 of 1st period - Patrick Wiercioch is hit by Dominik Kahun and loses puck.
15:11 of 1st period - Adam Tambellini is hit by Troy Stetcher and loses puck.
15:48 of 1st period - Vladislav Gavrikov is hit by Daniel O'regan and loses puck.
16:01 of 1st period - Wrist shot by Vince Hinostroza.
16:01 of 1st period - Deflect By Nikolaj Ehlers.
16:01 of 1st period - Shot Misses the Net.
16:01 of 1st period - Puck is out of play.
16:02 of 1st period - Noel Acciari wins face-off versus Evgeny Kuznetsov in Little Stars zone.
16:03 of 1st period - Snap shot by Nikolaj Ehlers.
16:03 of 1st period - Shot Misses the Net.
16:05 of 1st period - Backhand shot by Troy Stetcher.
16:05 of 1st period - Stopped by Connor Knapp without a rebound.
16:06 of 1st period - Evgeny Kuznetsov wins face-off versus Noel Acciari in Little Stars zone.
16:06 of 1st period - Evgeny Kuznetsov is hit by Nikolaj Ehlers.
16:12 of 1st period - Snap shot by Scott Kosmachuck.
16:12 of 1st period - Shot Blocked by Vince Hinostroza.
16:14 of 1st period - Minor Penalty to Vince Hinostroza for Hooking.
16:15 of 1st period - Noel Acciari wins face-off versus Evgeny Kuznetsov in Knights zone.
16:54 of 1st period - Off-side.
16:55 of 1st period - Daniel O'regan wins face-off versus Cedric Paquette in neutral zone.
17:49 of 1st period - Wrist shot by Ilya Mikheyev.
17:49 of 1st period - Shot Blocked by Ludwig Bystrom.
18:14 of 1st period - Penalty to Vince Hinostroza is over, Vince Hinostroza is back on ice.
18:28 of 1st period - Wrist shot by Nikolaj Ehlers.
18:28 of 1st period - Stopped by Connor Knapp without a rebound.
18:29 of 1st period - Roman Horak wins face-off versus Noel Acciari in Little Stars zone.
18:36 of 1st period - Snap shot by Joakim Nygard.
18:36 of 1st period - Shot Misses the Net.
18:56 of 1st period - Snap shot by Jesse Joensuu.
18:56 of 1st period - Stopped by Elvis Merzlikins without a rebound.
18:57 of 1st period - Brendan Gaunce wins face-off versus Evgeny Kuznetsov in Knights zone.
19:10 of 1st period - Slapshot by Evgeny Kuznetsov.
19:10 of 1st period - Deflect By Jesse Joensuu.
19:10 of 1st period - Stopped by Elvis Merzlikins without a rebound.
19:11 of 1st period - Evgeny Kuznetsov wins face-off versus Brendan Gaunce in Knights zone.
19:36 of 1st period - Nikolaj Ehlers is hit by Patrick Wiercioch.
Goals for this period are 0 for Little Stars vs 1 for Knights.
Shots for this period are 11 for Little Stars vs 8 for Knights.

2nd period


0:01 of 2nd period - Evgeny Kuznetsov wins face-off versus Noel Acciari in neutral zone.
0:09 of 2nd period - Icing by Troy Stetcher.
0:10 of 2nd period - Noel Acciari wins face-off versus Evgeny Kuznetsov in Knights zone.
0:15 of 2nd period - Slapshot by Troy Stetcher.
0:15 of 2nd period - Deflect By Nikolaj Ehlers.
0:15 of 2nd period - Stopped by Connor Knapp with a rebound.
0:17 of 2nd period - Snap shot by Noel Acciari.
0:17 of 2nd period - Shot Misses the Net.
0:19 of 2nd period - Slapshot by Mirco Mueller.
0:19 of 2nd period - Stopped by Connor Knapp with a rebound.
1:05 of 2nd period - Wrist shot by Noel Acciari.
1:05 of 2nd period - Shot Misses the Net.
1:07 of 2nd period - Snap shot by Noel Acciari.
1:07 of 2nd period - Stopped by Connor Knapp with a rebound.
1:09 of 2nd period - Snap shot by Noel Acciari.
1:09 of 2nd period - Stopped by Connor Knapp without a rebound.
1:10 of 2nd period - Brendan Gaunce wins face-off versus Daniel O'regan in Little Stars zone.
1:15 of 2nd period - Snap shot by Brendan Gaunce.
1:15 of 2nd period - Goal by Brendan Gaunce - Little Stars : 0 - Knights : 2.
1:16 of 2nd period - Daniel O'regan wins face-off versus Brendan Gaunce in neutral zone.
1:35 of 2nd period - Ilya Mikheyev is hit by Iiro Pakarinen and loses puck.
1:45 of 2nd period - Icing by Alexandre Carrier.
1:46 of 2nd period - Brendan Gaunce wins face-off versus Roman Horak in Knights zone.
1:59 of 2nd period - Snap shot by Noel Acciari.
1:59 of 2nd period - Stopped by Connor Knapp with a rebound.
2:01 of 2nd period - Slapshot by Mirco Mueller.
2:01 of 2nd period - Shot Blocked by Sebastian Wannstrom.
3:47 of 2nd period - Wrist shot by Adam Tambellini.
3:47 of 2nd period - Shot Blocked by Alexandre Carrier.
3:59 of 2nd period - Wrist shot by Brendan Gaunce.
3:59 of 2nd period - Stopped by Connor Knapp with a rebound.
4:19 of 2nd period - Reece Willcox is hit by Nikolaj Ehlers and loses puck.
4:28 of 2nd period - Snap shot by Noel Acciari.
4:28 of 2nd period - Stopped by Connor Knapp without a rebound.
4:29 of 2nd period - Daniel O'regan wins face-off versus Brendan Gaunce in Little Stars zone.
4:37 of 2nd period - Off-side.
4:38 of 2nd period - Brendan Gaunce wins face-off versus Daniel O'regan in neutral zone.
4:41 of 2nd period - Ilya Mikheyev is hit by Iiro Pakarinen and loses puck.
4:54 of 2nd period - Slapshot by Daniel O'regan.
4:54 of 2nd period - Stopped by Elvis Merzlikins without a rebound.
4:55 of 2nd period - Nikolaj Ehlers wins face-off versus Evgeny Kuznetsov in Knights zone.
5:33 of 2nd period - Snap shot by Brendan Gaunce.
5:33 of 2nd period - Deflect By Ilya Mikheyev.
5:33 of 2nd period - Shot Blocked by Eric Knodel.
5:33 of 2nd period - Puck is out of play.
5:34 of 2nd period - Dominik Kahun wins face-off versus Evgeny Kuznetsov in Little Stars zone.
5:45 of 2nd period - Snap shot by Jordan Martinook.
5:45 of 2nd period - Shot Blocked by Anton Cederholm.
6:02 of 2nd period - Snap shot by Joakim Nygard.
6:02 of 2nd period - Shot Hit the Post.
6:29 of 2nd period - Snap shot by Jordan Martinook.
6:29 of 2nd period - Stopped by Connor Knapp without a rebound.
6:30 of 2nd period - Noel Acciari wins face-off versus Evgeny Kuznetsov in Little Stars zone.
7:41 of 2nd period - Wrist shot by Joakim Nygard.
7:41 of 2nd period - Stopped by Elvis Merzlikins with a rebound.
7:43 of 2nd period - Wrist shot by Roman Horak.
7:43 of 2nd period - Stopped by Elvis Merzlikins without a rebound.
7:44 of 2nd period - Brendan Gaunce wins face-off versus Sebastian Wannstrom in Knights zone.
7:54 of 2nd period - Snap shot by Brendan Gaunce.
7:54 of 2nd period - Deflect By Alex Iafallo.
7:54 of 2nd period - Stopped by Connor Knapp with a rebound.
8:56 of 2nd period - Alex Iafallo is hit by Reece Willcox and loses puck.
9:22 of 2nd period - Roman Horak is hit by John Marino and loses puck.
10:11 of 2nd period - Slapshot by Tyler Wotherspoon.
10:11 of 2nd period - Shot Blocked by Mirco Mueller.
10:13 of 2nd period - Wrist shot by Daniel O'regan.
10:13 of 2nd period - Shot Misses the Net.
10:15 of 2nd period - Slapshot by Tyler Wotherspoon.
10:15 of 2nd period - Shot Misses the Net.
10:17 of 2nd period - Slapshot by Tyler Wotherspoon.
10:17 of 2nd period - Deflect By Frank Vatrano.
10:17 of 2nd period - Stopped by Elvis Merzlikins with a rebound.
10:31 of 2nd period - Reece Willcox is hit by Nikolaj Ehlers.
11:07 of 2nd period - Snap shot by Joakim Nygard.
11:07 of 2nd period - Stopped by Elvis Merzlikins with a rebound.
11:19 of 2nd period - Wrist shot by Ilya Mikheyev.
11:19 of 2nd period - Stopped by Elvis Merzlikins with a rebound.
11:44 of 2nd period - Snap shot by Nikolaj Ehlers.
11:44 of 2nd period - Stopped by Connor Knapp without a rebound.
11:45 of 2nd period - Noel Acciari wins face-off versus Evgeny Kuznetsov in Little Stars zone.
11:54 of 2nd period - Wrist shot by Jesse Joensuu.
11:54 of 2nd period - Shot Blocked by Troy Stetcher.
12:42 of 2nd period - Snap shot by Tyler Wotherspoon.
12:42 of 2nd period - Stopped by Elvis Merzlikins without a rebound.
12:43 of 2nd period - Evgeny Kuznetsov wins face-off versus Noel Acciari in Knights zone.
12:48 of 2nd period - Snap shot by Scott Kosmachuck.
12:48 of 2nd period - Deflect By Jesse Joensuu.
12:48 of 2nd period - Stopped by Elvis Merzlikins with a rebound.
12:50 of 2nd period - Snap shot by Scott Kosmachuck.
12:50 of 2nd period - Shot Misses the Net.
12:56 of 2nd period - Wrist shot by Scott Kosmachuck.
12:56 of 2nd period - Shot Misses the Net.
12:58 of 2nd period - Snap shot by Anton Cederholm.
12:58 of 2nd period - Stopped by Elvis Merzlikins without a rebound.
12:59 of 2nd period - Brendan Gaunce wins face-off versus Daniel O'regan in Knights zone.
13:50 of 2nd period - Icing by Evgeny Kuznetsov.
13:51 of 2nd period - Evgeny Kuznetsov wins face-off versus Cedric Paquette in Little Stars zone.
13:55 of 2nd period - Off-side.
13:56 of 2nd period - Adam Tambellini wins face-off versus Noel Acciari in neutral zone.
14:11 of 2nd period - Wrist shot by Noel Acciari.
14:11 of 2nd period - Stopped by Connor Knapp with a rebound.
14:13 of 2nd period - Minor Penalty to Ilya Mikheyev for Elbowing.
14:14 of 2nd period - Evgeny Kuznetsov wins face-off versus Noel Acciari in Little Stars zone.
14:25 of 2nd period - Patrick Wiercioch is hit by Noel Acciari and loses puck.
14:50 of 2nd period - Snap shot by Brendan Gaunce.
14:50 of 2nd period - Shot Misses the Net.
14:52 of 2nd period - Snap shot by Brendan Gaunce.
14:52 of 2nd period - Goal by Brendan Gaunce - Little Stars : 0 - Knights : 3.
14:53 of 2nd period - Noel Acciari wins face-off versus Evgeny Kuznetsov in neutral zone.
16:03 of 2nd period - Slapshot by Evgeny Kuznetsov.
16:03 of 2nd period - Shot Misses the Net.
16:46 of 2nd period - Slapshot by Tucker Poolman.
16:46 of 2nd period - Deflect By Joakim Nygard.
16:46 of 2nd period - Shot Blocked by Vladislav Gavrikov.
16:46 of 2nd period - Puck is out of play.
16:47 of 2nd period - Roman Horak wins face-off versus Frank Vatrano in Knights zone.
17:00 of 2nd period - Snap shot by Roman Horak.
17:00 of 2nd period - Goal by Roman Horak - Little Stars : 1 - Knights : 3.
17:01 of 2nd period - Daniel O'regan wins face-off versus Noel Acciari in neutral zone.
17:12 of 2nd period - Patrick Wiercioch is hit by Noel Acciari and loses puck.
17:31 of 2nd period - Slapshot by Patrick Wiercioch.
17:31 of 2nd period - Stopped by Elvis Merzlikins with a rebound.
17:33 of 2nd period - Slapshot by Patrick Wiercioch.
17:33 of 2nd period - Shot Misses the Net.
17:59 of 2nd period - Snap shot by Jason Dickinson.
17:59 of 2nd period - Deflect By Frank Vatrano.
17:59 of 2nd period - Stopped by Elvis Merzlikins without a rebound.
18:00 of 2nd period - Noel Acciari wins face-off versus Evgeny Kuznetsov in Knights zone.
18:15 of 2nd period - Snap shot by Nikolaj Ehlers.
18:15 of 2nd period - Shot Misses the Net.
18:25 of 2nd period - Tucker Poolman is hit by Mirco Mueller and loses puck.
18:30 of 2nd period - Snap shot by Brendan Gaunce.
18:30 of 2nd period - Shot Misses the Net.
19:28 of 2nd period - Evgeny Kuznetsov is hit by Troy Stetcher and loses puck.
19:46 of 2nd period - Snap shot by Alex Iafallo.
19:46 of 2nd period - Stopped by Connor Knapp without a rebound.
19:47 of 2nd period - Daniel O'regan wins face-off versus Brendan Gaunce in Little Stars zone.
Goals for this period are 1 for Little Stars vs 2 for Knights.
Shots for this period are 12 for Little Stars vs 14 for Knights.

3rd period


0:01 of 3rd period - Nikolaj Ehlers wins face-off versus Evgeny Kuznetsov in neutral zone.
0:10 of 3rd period - Slapshot by Patrick Wiercioch.
0:10 of 3rd period - Stopped by Elvis Merzlikins without a rebound.
0:11 of 3rd period - Evgeny Kuznetsov wins face-off versus Vince Hinostroza in Knights zone.
0:37 of 3rd period - Mirco Mueller is hit by Daniel O'regan and loses puck.
0:44 of 3rd period - Patrick Wiercioch is hit by Brendan Gaunce and loses puck.
1:03 of 3rd period - Wrist shot by Jordan Martinook.
1:03 of 3rd period - Stopped by Connor Knapp with a rebound.
1:25 of 3rd period - Jason Dickinson is hit by Nathan Walker and loses puck.
1:56 of 3rd period - Adam Tambellini is hit by Noel Acciari.
2:36 of 3rd period - Michael Mersch is hit by Alex Iafallo and loses puck.
2:59 of 3rd period - Mirco Mueller is hit by Tyler Wotherspoon and loses puck.
3:22 of 3rd period - Troy Stetcher is hit by Eric Knodel.
3:30 of 3rd period - Vince Hinostroza is hit by Eric Knodel and loses puck.
4:05 of 3rd period - Scott Kosmachuck is hit by Vladislav Gavrikov and loses puck.
4:29 of 3rd period - Minor Penalty to Jeremy Bracco for Interference.
4:30 of 3rd period - Scott Kosmachuck wins face-off versus Noel Acciari in Knights zone.
4:38 of 3rd period - Slapshot by Troy Stetcher.
4:38 of 3rd period - Deflect By Vince Hinostroza.
4:38 of 3rd period - Stopped by Connor Knapp with a rebound.
6:28 of 3rd period - Wrist shot by Joakim Nygard.
6:28 of 3rd period - Shot Blocked by Ludwig Bystrom.
6:29 of 3rd period - Penalty to Jeremy Bracco is over, Jeremy Bracco is back on ice.
6:30 of 3rd period - Slapshot by Tyler Wotherspoon.
6:30 of 3rd period - Shot Misses the Net.
6:50 of 3rd period - Slapshot by Joakim Nygard.
6:50 of 3rd period - Shot Blocked by Ludwig Bystrom.
7:02 of 3rd period - Ludwig Bystrom is hit by Jason Dickinson and loses puck.
8:30 of 3rd period - Roman Horak is hit by Cedric Paquette and loses puck.
8:41 of 3rd period - Alex Iafallo is hit by Scott Kosmachuck and loses puck.
8:56 of 3rd period - Wrist shot by Jason Dickinson.
8:56 of 3rd period - Stopped by Elvis Merzlikins with a rebound.
9:26 of 3rd period - Icing by Nikolaj Ehlers.
9:27 of 3rd period - Noel Acciari wins face-off versus Evgeny Kuznetsov in Knights zone.
10:10 of 3rd period - John Marino is hit by Tucker Poolman and loses puck.
10:17 of 3rd period - Snap shot by Joakim Nygard.
10:17 of 3rd period - Stopped by Elvis Merzlikins with a rebound.
10:54 of 3rd period - Wrist shot by Jeremy Bracco.
10:54 of 3rd period - Shot Blocked by Reece Willcox.
11:53 of 3rd period - Snap shot by Joakim Nygard.
11:53 of 3rd period - Goal by Joakim Nygard - Little Stars : 2 - Knights : 3.
11:54 of 3rd period - Noel Acciari wins face-off versus Evgeny Kuznetsov in neutral zone.
12:07 of 3rd period - Snap shot by Nikolaj Ehlers.
12:07 of 3rd period - Deflect By Vince Hinostroza.
12:07 of 3rd period - Shot Misses the Net.
12:07 of 3rd period - Puck is out of play.
12:08 of 3rd period - Daniel O'regan wins face-off versus Noel Acciari in Little Stars zone.
12:25 of 3rd period - Off-side.
12:26 of 3rd period - Brendan Gaunce wins face-off versus Evgeny Kuznetsov in neutral zone.
12:37 of 3rd period - Wrist shot by Jesse Joensuu.
12:37 of 3rd period - Shot Misses the Net.
12:39 of 3rd period - Backhand shot by Patrick Wiercioch.
12:39 of 3rd period - Stopped by Elvis Merzlikins without a rebound.
12:40 of 3rd period - Daniel O'regan wins face-off versus Nikolaj Ehlers in Knights zone.
13:10 of 3rd period - Wrist shot by Jesse Joensuu.
13:10 of 3rd period - Shot Blocked by Troy Stetcher.
13:28 of 3rd period - Slapshot by Michael Mersch.
13:28 of 3rd period - Stopped by Elvis Merzlikins without a rebound.
13:29 of 3rd period - Dominik Kahun wins face-off versus Jason Dickinson in Knights zone.
13:40 of 3rd period - Snap shot by Michael Mersch.
13:40 of 3rd period - Shot Misses the Net.
13:59 of 3rd period - Snap shot by Jesse Joensuu.
13:59 of 3rd period - Stopped by Elvis Merzlikins without a rebound.
14:00 of 3rd period - Noel Acciari wins face-off versus Evgeny Kuznetsov in Knights zone.
14:15 of 3rd period - Snap shot by Troy Stetcher.
14:15 of 3rd period - Shot Blocked by Patrick Wiercioch.
14:17 of 3rd period - Wrist shot by Nikolaj Ehlers.
14:17 of 3rd period - Shot Misses the Net.
14:35 of 3rd period - Slapshot by Noel Acciari.
14:35 of 3rd period - Stopped by Connor Knapp with a rebound.
14:37 of 3rd period - Snap shot by Vince Hinostroza.
14:37 of 3rd period - Stopped by Connor Knapp without a rebound.
14:38 of 3rd period - Brendan Gaunce wins face-off versus Daniel O'regan in Little Stars zone.
14:41 of 3rd period - Snap shot by Brendan Gaunce.
14:41 of 3rd period - Stopped by Connor Knapp with a rebound.
14:43 of 3rd period - Slapshot by Mirco Mueller.
14:43 of 3rd period - Shot Misses the Net.
14:45 of 3rd period - Slapshot by Troy Stetcher.
14:45 of 3rd period - Shot Misses the Net.
14:47 of 3rd period - Backhand shot by Alex Iafallo.
14:47 of 3rd period - Stopped by Connor Knapp with a rebound.
14:49 of 3rd period - Slapshot by Troy Stetcher.
14:49 of 3rd period - Stopped by Connor Knapp without a rebound.
14:50 of 3rd period - Brendan Gaunce wins face-off versus Daniel O'regan in Little Stars zone.
14:53 of 3rd period - Wrist shot by Brendan Gaunce.
14:53 of 3rd period - Stopped by Connor Knapp with a rebound.
15:28 of 3rd period - Wrist shot by Nikolaj Ehlers.
15:28 of 3rd period - Goal by Nikolaj Ehlers - Little Stars : 2 - Knights : 4.
15:29 of 3rd period - Dominik Kahun wins face-off versus Roman Horak in neutral zone.
15:38 of 3rd period - Slapshot by Dominik Kahun.
15:38 of 3rd period - Stopped by Connor Knapp with a rebound.
15:54 of 3rd period - Tyler Wotherspoon is hit by Nikolaj Ehlers.
16:11 of 3rd period - Icing by Alexandre Carrier.
16:12 of 3rd period - Adam Tambellini wins face-off versus Noel Acciari in Knights zone.
17:39 of 3rd period - Noel Acciari is hit by Eric Knodel and loses puck.
17:48 of 3rd period - Slapshot by Alexandre Carrier.
17:48 of 3rd period - Shot Misses the Net.
17:55 of 3rd period - Icing by Vladislav Gavrikov.
17:56 of 3rd period - Noel Acciari wins face-off versus Evgeny Kuznetsov in Knights zone.
18:03 of 3rd period - Wrist shot by Noel Acciari.
18:03 of 3rd period - Goal by Noel Acciari - Little Stars : 2 - Knights : 5.
18:04 of 3rd period - Brendan Gaunce wins face-off versus Evgeny Kuznetsov in neutral zone.
18:07 of 3rd period - Patrick Wiercioch is hit by Alex Iafallo and loses puck.
19:46 of 3rd period - Wrist shot by Nathan Walker.
19:46 of 3rd period - Stopped by Connor Knapp with a rebound.
19:48 of 3rd period - Slapshot by Troy Stetcher.
19:48 of 3rd period - Stopped by Connor Knapp with a rebound.
Goals for this period are 1 for Little Stars vs 2 for Knights.
Shots for this period are 7 for Little Stars vs 13 for Knights.